 Dungeon Crawl Stone Soup version 0.20.1-1-g8b1a95d (webtiles) character file.

53 digijack the Cutter (level 3, -1/34 HPs)
             Began as a Deep Dwarf Chaos Knight on Dec 20, 2017.
             Slain by Sigmund
             ... wielding a +3 scythe of freezing
              (2 damage)
             ... on level 2 of the Dungeon.
             The game lasted 00:12:35 (1435 turns).

digijack the Cutter (Deep Dwarf Chaos Knight)       Turns: 1435, Time: 00:12:36

Health: -1/34      AC:  7    Str: 15    XL:     3   Next: 62%
Magic:  2/2        EV: 12    Int: 12    God:    Xom [..*...]
Gold:   82         SH:  0    Dex: 13    Spells: 2/2 levels left

rFire    . . .     SeeInvis .   a - +2 short sword (chaos)
rCold    . . .     Gourm    .   (no shield)
rNeg     . . .     Faith    .   b - +3 leather armour
rPois    .         Spirit   .   g - +0 helmet
rElec    .         Reflect  .   (no cloak)
rCorr    .         Harm     .   (no gloves)
MR       .....                  (no boots)
Stlth    +.........             (no amulet)
Regen    0.0/turn               (no ring)
MPRegen  0.1/turn               (no ring)

@: non-regenerating
A: damage resistance, heal wounds, mutation resistance 1, sense surroundings 1,
no regeneration
a: Heal Wounds, Renounce Religion


You were on level 2 of the Dungeon.
You worshipped Xom.
You were a toy of Xom.
You were not hungry.

You visited 1 branch of the dungeon, and saw 2 of its levels.

You collected 82 gold pieces.

Inventory:

Hand Weapons
 a - a +2 short sword of chaos (weapon)
Armour
 b - a +3 leather armour (worn)
 g - a +0 helmet (worn)
Scrolls
 e - 3 scrolls of teleportation
 h - a scroll of identify {unknown}
Comestibles
 c - a bread ration
 d - 2 chunks of flesh
 f - a royal jelly
 i - 2 fruits


   Skills:
 + Level 3.1 Fighting
 + Level 3.2 Short Blades
 + Level 3.1 Armour
 + Level 1.7 Dodging


You had 2 spell levels left.
You didn't know any spells.

Dungeon Overview and Level Annotations

Branches:
Dungeon (2/15)

Altars:

Annotations:
D:2 Sigmund


Innate Abilities, Weirdness & Mutations

You are resistant to damage.
You can heal yourself by infusing magical energy.
You passively map a small area around you.
You do not regenerate.
You are somewhat resistant to further mutation.


Message History

You kill the quokka!
Something hits you. Something freezes you.
Things that are here:
a dagger; 14 gold pieces; a goblin corpse You butcher the goblin corpse.
Something hits you!
* * * LOW HITPOINT WARNING * * *
Something freezes you.
* * * LOW HITPOINT WARNING * * *
Things that are here:
a dagger; 14 gold pieces; a chunk of flesh You miss something.
You barely miss something. Something hits you.
* * * LOW HITPOINT WARNING * * *
Something freezes you.
You closely miss something. You hit something.
Nothing appears to happen.
Something hits you!
* * * LOW HITPOINT WARNING * * *
Something freezes you.
You die...
Xom yawns loudly!

############
###..........# * ,
............# *# ,
#..........### . ,
#............# # * *
###..........###,, * *
..............#,, , ,
#######..###### *
*.##.#{@..<#..#####*∆,
∆ *
..................# ,
, ,
#.##.#$#......#...## #
#...#....#....#* ,
##########...## ,, ,
,....(...J# ⌠ , , ,
#####....#, * *
####....## ,#
.........####


There were no monsters in sight!

Vanquished Creatures
  An adder (D:2)
  2 dart slugs (D:2)
  2 giant cockroaches
  7 goblins
  3 hobgoblins
  6 jackals (D:1)
  3 kobolds
  A quokka (D:2)
  4 bats
  2 frilled lizards
  4 rats
35 creatures vanquished.

Notes
Turn   | Place    | Note
-------+----------+-------------------------------------------
     0 | D:1      | digijack the Deep Dwarf Chaos Knight began the quest for the Orb.
     0 | D:1      | Reached XP level 1. HP: 20/20 MP: 1/1
    11 | D:1      | Gained mutation: You are somewhat resistant to further mutation. [potion of mutation]
   267 | D:1      | Reached XP level 2. HP: 27/27 MP: 1/1
   310 | D:1      | XOM: silly message
   570 | D:1      | XOM: mild Ice miscast
   573 | D:1      | XOM: fake destruction
   989 | D:2      | Reached XP level 3. HP: 30/34 MP: 2/2
  1131 | D:2      | XOM: noise
  1209 | D:2      | XOM: cloud trail
  1246 | D:2      | XOM: harmless Air miscast
  1355 | D:2      | XOM: divination: detect items
  1422 | D:2      | Noticed Sigmund
  1435 | D:2      | HP: 1/34 [something (5)]
  1435 | D:2      | Slain by Sigmund

Skill      XL: |  1  2  3 |
---------------+----------+-----
Short Blades   | 3 |  3.2
Fighting       | 3 |  3.1
Armour         | 3 |  3.1
Dodging        | |  1.7

Action                   || total
-------------------------++-------
Melee: Short sword       ||    90
 Abil: Heal Wounds       ||     1
  Use: Scroll            ||     5
       Potion            ||     2
  Eat: Bread ration      ||     1
       Chunk             ||     1
Armor: Leather armour    ||    32
Dodge: Dodged            ||    38
